 Dungeon Crawl Stone Soup version 0.15.0-11-g6f4f891 (webtiles) character file.

22469 Kex the Reanimator (level 12, 99/99 HPs)
             Began as a Deep Dwarf Necromancer on Aug 31, 2014.
             Got out of the dungeon alive.
             The game lasted 01:34:32 (14686 turns).

Kex the Reanimator (Deep Dwarf Necromancer)        Turns: 14686, Time: 01:34:33

HP  99/99        AC  4     Str 18 (19) XL: 12   Next: 63%
MP   0/0         EV 23     Int 24      God:
Gold 1176        SH  0     Dex 20 (22) Spells:  6 memorised, 16 levels left

rFire  . . .     SeeInvis +     E - +7 shortbow of Shrisu {velocity, +Inv rElec rPois Str+1}
rCold  + . .     Clarity  .     v - +1 leather armour of the Manifold Lies {rElec Dex+4 Slay+4 SInv}
rNeg   . . .     rCorr    .     (no shield)
rPois  +         rRot     .     (no helmet)
rElec  +         Spirit   .     (no cloak)
SustAb .         Warding  .     (no gloves)
rMut   .         Stasis   .     (no boots)
Gourm  .                        (no amulet)
MR     +....                    X - ring of protection from cold
                                z - ring "Den Xil" {Int+4 SInv}

@: mighty, agile, non-regenerating, somewhat resistant to hostile enchantments,
stealthy
A: damage resistance, recharge devices, deterioration 1, sense surroundings 2,
slow healing 3
a: Device Recharging, Evoke Invisibility


You escaped.
You were completely stuffed.

You visited 2 branches of the dungeon, and saw 10 of its levels.
You also visited: Ice Cave.

You collected 1176 gold pieces.

Inventory:

Hand weapons
 r - the +4 long sword of Indomitability {antimagic, Stlth--}
   (You found it on level 1 of the Lair of Beasts)

   It disrupts the flow of magical energy around spellcasters and certain
   magical creatures (including the wielder).
   It makes you much less stealthy.
 u - the +7 spear of the Ecumenical Temple {venom, rF++ Str+1}
   (You found it on level 4 of the Dungeon)

   It poisons the flesh of those it strikes.
   It affects your strength (+1).
   It greatly protects you from fire.
 E - the +7 shortbow of Shrisu (weapon) {velocity, +Inv rElec rPois Str+1}
   (You found it on level 2 of the Lair of Beasts)

   Any arrow fired from it inflicts extra damage.
   It affects your strength (+1).
   It insulates you from electricity.
   It protects you from poison.
   It lets you turn invisible.
 N - the +7 mace of Strip {crush, +Rage rPois Str+3 Int+3}
   (You found it on level 8 of the Dungeon)

   It inflicts extra damage upon your enemies.
   It affects your strength (+3).
   It affects your intelligence (+3).
   It protects you from poison.
   It lets you go berserk.
Missiles
 M - 45 arrows (quivered)
Armour
 v - the +1 leather armour of the Manifold Lies (worn) {rElec Dex+4 Slay+4 SInv}
   (You found it on level 1 of the Lair of Beasts)

   It affects your dexterity (+4).
   It affects your accuracy and damage with ranged weapons and melee attacks
   (+4).
   It insulates you from electricity.
   It enhances your eyesight.
 Z - an ice dragon hide
Magical devices
 c - a wand of heal wounds (0)
 i - a wand of fire (1)
 p - a wand of hasting (3)
 w - a wand of disintegration (7)
 I - a wand of flame (24)
 J - a wand of teleportation (7) {unknown}
 L - a wand of enslavement (6)
Comestibles
 h - 3 meat rations
 j - 7 bread rations
 C - 2 slices of pizza
 D - 2 beef jerkies
 F - 3 fruits
Scrolls
 e - a scroll of acquirement {unknown}
 g - 4 scrolls of recharging
 k - 2 scrolls of fear
 s - 6 scrolls of enchant weapon
 y - a scroll of amnesia {unknown}
 G - 2 scrolls of vulnerability
 H - 3 scrolls of teleportation
 K - a scroll of summoning {unknown}
 Q - a scroll of blinking {unknown}
 R - 2 scrolls of magic mapping {unknown}
Jewellery
 a - an uncursed ring of flight
 q - an uncursed ring of wizardry
 z - the ring "Den Xil" (left hand) {Int+4 SInv}
   (You found it in an ice cave)

   [ring of see invisible]

   It affects your intelligence (+4).
   It enhances your eyesight.
 W - an uncursed ring of sustain abilities
 X - a ring of protection from cold (right hand)
Potions
 m - a potion of poison
Books
 b - a book of Necromancy

   Spells                             Type                      Level
   *Pain                              Necromancy                   1
   *Animate Skeleton                  Necromancy                   1
   Vampiric Draining                  Necromancy                   3
   Regeneration                       Charms/Necromancy            3
   *Animate Dead                      Necromancy                   4
   *Control Undead                    Necromancy                   4
 t - a book of Spatial Translocations

   Spells                             Type                      Level
   Apportation                        Translocation                1
   *Blink                             Translocation                2
   *Shroud of Golubria                Charms/Translocation         2
   Portal Projectile                  Translocation                3
   Teleport Other                     Translocation                3
   Passage of Golubria                Translocation                4
 B - a book of the Tempests

   Spells                             Type                      Level
   Static Discharge                   Conjuration/Air              3
   Lightning Bolt                     Conjuration/Air              5
   Fireball                           Conjuration/Fire             5
   Tornado                            Air                          9
   Shatter                            Earth                        9
 S - a book of Annihilations {highlevel, unknown}

   This book is beyond your current level of understanding.

   Spells                             Type                      Level
   Poison Arrow                       Conjuration/Poison           6
   Chain Lightning                    Conjuration/Air              8
   Lehudib's Crystal Spear            Conjuration/Earth            8
   Glaciate                           Conjuration/Ice              9
   Fire Storm                         Conjuration/Fire             9


   Skills:
 + Level 3.9 Fighting
   Level 0.1 Short Blades
 + Level 3.8 Maces & Flails
 + Level 2.2 Polearms
 + Level 0.2 Bows
 + Level 1.4 Throwing
 + Level 4.1 Armour
 + Level 8.1 Dodging
 + Level 5.5 Stealth
 + Level 1.4 Unarmed Combat
 + Level 9.6 Spellcasting
 + Level 1.4 Charms
 + Level 11.4 Necromancy
 + Level 3.8 Translocations
 + Level 11.2 Evocations


You had 16 spell levels left.
You knew the following spells:

 Your Spells              Type           Power        Failure   Level  Hunger
a - Pain                  Necr           ####         1%          1    None
b - Animate Skeleton      Necr           N/A          1%          1    None
c - Animate Dead          Necr           N/A          1%          4    #......
d - Control Undead        Necr           ######....   1%          4    #......
e - Blink                 Tloc           N/A          1%          2    None
f - Shroud of Golubria    Chrm/Tloc      ###.......   2%          2    None


Dungeon Overview and Level Annotations

Branches:
Dungeon (8/15)             Temple (0/1) D:7            Lair (2/8) D:8

Altars:
Ashenzari
Qazlal

Annotations:
D:3 letownia's ghost, average KoAr


Innate Abilities, Weirdness & Mutations

You are resistant to damage.
You can recharge devices by infusing magical energy.
You passively map the area around you.
You do not heal naturally.
Your body is slowly deteriorating.


Message History

You feel better.
Drink which item? (? for menu, Esc to quit)
You feel better.
Read which item? (? for menu, Esc to quit)
Identify which item? (\ to view known items) (? for menu, Esc to quit)
As you read the scroll of identify, it crumbles to dust.
q - an uncursed ring of wizardry Read which item? (? for menu, Esc to quit)
Okay, then.
Eat which item? (? for menu, Esc to quit)
You continue eating. x3
You finish eating.
That meat ration really hit the spot!
Eat which item? (? for menu, Esc to quit)
You continue eating. x3
You finish eating.
That meat ration really hit the spot!
You're too full to eat anything.
You're too full to eat anything.
There is a staircase leading out of the dungeon here.
Are you sure you want to leave the Dungeon?
This will make you lose the game!
You have escaped!

######### #......⌠# #((..≈≈≈###
#.#.#####.#
#######.#.'...#.#############
........#.'...'..##...)....>#####
.......##.'...##'##..............
##.....##.#####.@##..#'#'#'#'#%#.
.#..[...#.≈≈≈##..##..#.#.#%#%#.#.
.#....(.#..⌠≈######%.###########.
.#......#.≈≈≈#####...#.#.#.#.#.#.
.#......######.......#'#%#'#'#'#.
.#.............##.#.....%........
##..########.####.#.##.#......##.
.).#########.# #...........#....
.#.........#.# #.##.#.#.#....###


There were no monsters in sight!

Vanquished Creatures
  The ghost of DuloT34 the Impaler, a powerful MiFi of the Shining One (IceCv)
  2 ice dragons (IceCv)
  2 ice statues (IceCv)
  Pikel (D:6)
  A black mamba (Lair:2)
  6 elephants (Lair:2)
  2 komodo dragons (Lair:2)
  2 fire drakes
  Grinder (D:5)
  A basilisk (Lair:1)
  5 blink frogs (Lair:1)
  A deep elf mage (D:8)
  2 hippogriffs
  Edmund (D:8)
  Menkaure (D:6)
  4 water moccasins
  2 porcupines
  2 ogres (D:8)
  A centaur (D:6)
  20 ice beasts
  3 crocodiles
  A big kobold (D:8)
  3 giant frogs
  7 scorpions
  7 crimson imps
  8 iguanas
  4 orc priests
  2 jellies
  A giant frog skeleton (D:6)
  8 orc wizards
  2 hounds
  4 worker ants
  Jessica (D:2)
  2 mummies
  4 gnolls (D:5)
  27 green rats
  A shadow imp (D:5)
  23 adders
  2 giant mites (D:4)
  3 worms
  5 giant geckos
  An ooze (D:4)
  27 orcs
  2 ball pythons
  A bat zombie (D:8)
  12 giant cockroaches
  A gnoll skeleton (D:3)
  14 goblins
  14 hobgoblins
  4 jackals (D:2)
  8 quokkas
  9 bats
  5 giant newts
  14 kobolds
  A kobold skeleton (D:6)
  20 rats
  A fungus (D:4)
  A plant (D:5)
311 creatures vanquished.

Vanquished Creatures (collateral kills)
  A porcupine (Lair:1)
  A phantom (D:4)
  An ice beast (D:8)
  A giant frog (D:7)
  An orc priest (D:6)
  A worker ant (D:4)
  An orc wizard (D:4)
  Ijyb (D:3)
  A gnoll (D:5)
  3 green rats (Lair:1)
  An inept item mimic (D:3)
  An orc (D:7)
  2 hobgoblins
  2 bats (D:4)
  A gnoll zombie (D:7)
  A goblin (D:3)
  4 kobolds
  A fungus (D:4)
  2 plants (D:5)
27 creatures vanquished.

Vanquished Creatures (others)
  A giant frog skeleton (D:7)
  A porcupine skeleton (Lair:1)
  A worker ant (D:6)
  An ogre skeleton (D:8)
  A hound skeleton (D:8)
  3 iguana skeletons
  4 adder skeletons
  A bat skeleton (D:4)
  A gnoll skeleton (D:5)
  3 goblin skeletons (D:3)
  3 green rat skeletons (Lair:1)
  3 hobgoblin skeletons
  5 kobold skeletons
  11 orc skeletons
  4 rat skeletons
  A fungus (D:4)
44 creatures vanquished.

Grand Total: 382 creatures vanquished

Notes
Turn   | Place    | Note
--------------------------------------------------------------
     0 | D:1      | Kex, the Deep Dwarf Necromancer, began the quest for the Orb.
     0 | D:1      | Reached XP level 1. HP: 15/15 MP: 2/2
   745 | D:1      | Reached XP level 2. HP: 14/22 MP: 1/3
   802 | D:1      | Learned a level 1 spell: Animate Skeleton
  1482 | D:1      | Reached skill level 5 in Necromancy
  1513 | D:1      | Reached XP level 3. HP: 28/28 MP: 4/6
  1685 | D:2      | Noticed Jessica
  1723 | D:2      | Killed Jessica
  1986 | D:2      | Reached XP level 4. HP: 33/36 MP: 6/8
  2867 | D:3      | Reached XP level 5. HP: 42/42 MP: 2/10
  3257 | D:3      | Learned a level 4 spell: Animate Dead
  3288 | D:3      | Noticed letownia's ghost (average KoAr)
  4334 | D:3      | Noticed Ijyb
  4357 | D:3      | Killed Ijyb
  4393 | D:3      | Your ally Ijyb died
  4433 | D:3      | Reached XP level 6. HP: 46/50 MP: 8/13
  4775 | D:3      | Reached skill level 6 in Necromancy
  4825 | D:4      | Got a polished spear
  5033 | D:4      | Identified the +7 spear of the Ecumenical Temple {venom, rF++ Str+1} (You found it on level 4 of the Dungeon)
  5309 | D:4      | Reached XP level 7. HP: 39/56 MP: 17/17
  5787 | D:5      | Entered Level 5 of the Dungeon
  5808 | D:5      | Noticed Grinder
  5835 | D:5      | Killed Grinder
  5835 | D:5      | Reached skill level 1 in Fighting
  5835 | D:5      | Reached skill level 7 in Necromancy
  5835 | D:5      | Reached skill level 1 in Evocations
  5911 | D:5      | Reached skill level 5 in Spellcasting
  6097 | D:5      | Reached XP level 8. HP: 59/64 MP: 12/18
  6152 | D:5      | Found a shattered altar of Ashenzari.
  6220 | D:5      | Reached skill level 1 in Polearms
  7573 | D:6      | Noticed Menkaure
  7580 | D:6      | Reached skill level 8 in Necromancy
  7585 | D:6      | Killed Menkaure
  7747 | D:6      | Found a stormy altar of Qazlal.
  7996 | D:6      | Noticed Pikel
  8043 | D:6      | Killed Pikel
  8043 | D:6      | Gained mutation: You passively map the area around you. [level up]
  8043 | D:6      | Reached XP level 9. HP: 73/73 MP: 19/19
  8223 | D:6      | Learned a level 4 spell: Control Undead
  8542 | D:6      | Reached skill level 5 in Dodging
  8542 | D:6      | Reached skill level 9 in Necromancy
  8717 | D:7      | Found a staircase to the Ecumenical Temple.
  9976 | D:8      | Got a twisted mace
  9977 | D:8      | Identified the +7 mace of Strip {crush, +Rage rPois Str+3 Int+3} (You found it on level 8 of the Dungeon)
 10085 | D:8      | Found a staircase to the Lair.
 10085 | D:8      | Noticed a fire drake
 10093 | D:8      | Killed a fire drake
 10093 | D:8      | Reached skill level 5 in Evocations
 10097 | D:8      | Reached skill level 10 in Necromancy
 10341 | D:8      | Noticed Edmund
 10349 | D:8      | Killed Edmund
 10349 | D:8      | Reached XP level 10. HP: 74/80 MP: 16/19
 10673 | Lair:1   | Entered Level 1 of the Lair of Beasts
 10803 | Lair:1   | Got a brightly glowing leather armour
 10814 | Lair:1   | Identified the +1 leather armour of the Manifold Lies {rElec Dex+4 Slay+4 SInv} (You found it on level 1 of the Lair of Beasts)
 11338 | Lair:1   | Found a frozen archway.
 11350 | IceCv    | Entered an ice cave
 11354 | IceCv    | Reached skill level 1 in Armour
 11375 | IceCv    | Reached skill level 1 in Maces & Flails
 11500 | IceCv    | Noticed an ice statue
 11500 | IceCv    | Noticed an ice statue
 11522 | IceCv    | Learned a level 2 spell: Blink
 11525 | IceCv    | Learned a level 2 spell: Shroud of Golubria
 11630 | IceCv    | Noticed DuloT34's ghost (powerful MiFi)
 11656 | IceCv    | Killed DuloT34's ghost
 11656 | IceCv    | Reached skill level 1 in Translocations
 11656 | IceCv    | Reached XP level 11. HP: 74/87 MP: 1/1
 11675 | IceCv    | Noticed an ice dragon
 11675 | IceCv    | Noticed an ice dragon
 11682 | IceCv    | Killed an ice dragon
 11682 | IceCv    | Reached skill level 11 in Necromancy
 11685 | IceCv    | Killed an ice dragon
 11721 | IceCv    | Gained mutation: You are partially covered in large bone plates (AC +2, SH +2). [potion of beneficial mutation]
 11723 | IceCv    | Lost mutation: You are partially covered in large bone plates (AC +2, SH +2). [potion of cure mutation]
 11725 | IceCv    | Reached skill level 1 in Throwing
 11725 | IceCv    | Reached skill level 5 in Stealth
 11725 | IceCv    | Reached skill level 1 in Unarmed Combat
 11725 | IceCv    | Reached skill level 1 in Charms
 11725 | IceCv    | Reached XP level 12. HP: 97/97 MP: 1/2
 11726 | IceCv    | Gained mutation: You are robust (+10% HP). [potion of mutation]
 11726 | IceCv    | Lost mutation: You are robust (+10% HP). [potion of mutation]
 11726 | IceCv    | Gained mutation: Your body is slowly deteriorating. [potion of mutation]
 11783 | IceCv    | Got a transparent iron ring
 11792 | IceCv    | Identified the ring "Den Xil" {Int+4 SInv} (You found it in an ice cave)
 11856 | IceCv    | Killed an ice statue
 11868 | IceCv    | Killed an ice statue
 11868 | IceCv    | Reached skill level 10 in Evocations
 12037 | Lair:1   | Got a slimy long sword
 12041 | Lair:1   | Identified the +4 long sword of Indomitability {antimagic, Stlth--} (You found it on level 1 of the Lair of Beasts)
 13564 | Lair:2   | Got an iridescent shortbow
 13565 | Lair:2   | Identified the +7 shortbow of Shrisu {velocity, +Inv rElec rPois Str+1} (You found it on level 2 of the Lair of Beasts)
 14686 | D:$      | Got out of the dungeon alive.

Action                   |  1- 3 |  4- 6 |  7- 9 | 10-12 || total
-------------------------+-------+-------+-------+-------++-------
Melee: Short sword       |    25 |       |       |       ||    25
       Dagger            |    15 |    84 |       |       ||    99
       Spear             |       |    27 |   131 |       ||   158
       Mace              |       |       |    18 |   110 ||   128
 Fire: Shortbow          |       |       |       |    23 ||    23
 Cast: Pain              |    55 |   135 |   204 |    36 ||   430
       Animate Skeleton  |     1 |    21 |    20 |     8 ||    50
       Control Undead    |       |       |     1 |       ||     1
       Blink             |       |       |       |     3 ||     3
 Abil: Device Recharging |       |       |     7 |    22 ||    29
       Evoke Berserk Rag |       |       |       |     2 ||     2
Evoke: Wand              |       |     5 |    56 |   118 ||   179
  Use: Scroll            |     5 |     1 |     6 |     4 ||    16
       Potion            |     1 |     1 |       |    25 ||    27
 Stab: Sleeping          |       |       |     2 |     2 ||     4
       Distracted        |       |       |       |     2 ||     2
  Eat: Bread ration      |     1 |     1 |       |       ||     2
       Chunk             |       |     5 |    16 |     8 ||    29
       Fruit             |       |       |     2 |     3 ||     5
       Meat ration       |       |       |       |     2 ||     2
